 Dungeon Crawl Stone Soup version 0.28-a0-479-g5baa6b7 (webtiles) character file.

Game seed: 16451931431539660217

151 Illumine the Shield-Bearer (level 5, 0/42 HPs)
             Began as a Formicid Fighter on Sept 18, 2021.
             Slain by an orc (7 damage)
             ... on level 3 of the Dungeon.
             The game lasted 00:04:00 (2422 turns).

Illumine the Shield-Bearer (Formicid Fighter)       Turns: 2422, Time: 00:04:00

Health: 0/42       AC: 10    Str: 22    XL:     5   Next: 60%
Magic:  5/5        EV: 10    Int:  7    God:
Gold:   164        SH:  5    Dex: 16    Spells: 4/4 levels left

rFire   . . .      SeeInvis +   a - +0 trident
rCold   . . .      Faith    .   c - +0 buckler
rNeg    . . .      Spirit   .   u - +2 ring mail {Will+}
rPois   +          Reflect  .   (helmet unavailable)
rElec   .          Harm     .   (no cloak)
rCorr   .          Rampage  .   l - +2 pair of gloves
Will    +....                   (no boots)
Stlth   +.........              (no amulet)
HPRegen 0.14/turn               k - +6 ring of dexterity
MPRegen 0.09/turn               p - ring of poison resistance

@: mighty
A: permanent stasis, dig shafts and tunnels, antennae 3, four strong arms
a: Dig, Shaft Self


You were on level 3 of the Dungeon.
You visited 1 branch of the dungeon, and saw 3 of its levels.

You collected 164 gold pieces.

Inventory:

Hand Weapons
 a - a +0 trident (weapon)
 b - a +3 hunting sling
Missiles
 g - 101 stones
 o - 14 poisoned darts
Armour
 c - a +0 buckler (worn)
 l - a +2 pair of gloves (worn)
 u - a +2 ring mail of willpower (worn)
Jewellery
 k - a +6 ring of dexterity (left hand)
 p - a ring of poison resistance (right hand)
Wands
 q - a wand of paralysis (14)
Scrolls
 e - a scroll of amnesia {unknown}
 i - 2 scrolls of teleportation {unknown}
 j - 2 scrolls of noise {unknown}
 m - a scroll of identify {unknown}
 n - a scroll of holy word {unknown}
Potions
 h - a potion of lignification
 r - a potion of haste {unknown}
 s - a potion of heal wounds {unknown}
 t - a potion of curing {unknown}


   Skills:
 + Level 4.1 Fighting
 * Level 4.0 Polearms
 + Level 3.4 Armour
 + Level 4.7 Shields


You had 4 spell levels left.
You didn't know any spells.
Your spell library was empty.

Dungeon Overview and Level Annotations

Branches:
Dungeon (3/15)

Altars:
Cheibriados


Innate Abilities, Weirdness & Mutations

You cannot be hasted, slowed, berserked, paralysed or teleported.
You can dig through walls and to a lower floor.
You have a pair of large antennae on your head. (SInv)
Your four strong arms can wield two-handed weapons with a shield.


Message History

You kill the orc priest!
The orc wizard misses you. The orc barely misses you.
You block the orc's attack.
Unknown command.
The orc wizard hits you but does no damage.
The orc hits you but does no damage.
Things that are here:
a +0 mace; an orc corpse You puncture the orc wizard!
The orc wizard is almost dead.
The orc wizard points at you and mumbles some strange words.
The puff of flame hits you. You block the orc's attack.
The orc hits you but does no damage.
You closely miss the orc wizard.
The orc wizard is almost dead.
The orc wizard hits you but does no damage.
The kobold barely misses you. The orc hits you with a +0 dagger.
The orc closely misses you.
You barely miss the orc wizard.
The orc wizard is almost dead.
You block the orc wizard's attack. The kobold hits you but does no damage.
You block the orc's attack. The orc hits you with a +0 falchion.
You hit the orc wizard.
You kill the orc wizard!
The kobold hits you but does no damage. The orc hits you with a +0 falchion.
The orc hits you with a +0 dagger.
Your Polearms skill increases to level 4!
You barely miss the kobold. The kobold hits you but does no damage.
The orc hits you with a +0 dagger. The orc barely misses you.
The kobold hits you with a +0 whip.
You barely miss the orc. The orc hits you with a +0 falchion.
You block the orc's attack. The kobold closely misses you.
The orc hits you with a +0 falchion.
* * * LOW HITPOINT WARNING * * *
The orc hits you but does no damage.
You closely miss the orc. The kobold hits you with a +0 whip.
* * * LOW HITPOINT WARNING * * *
The orc completely misses you. The orc hits you but does no damage.
The orc hits you with a +0 falchion!
You die...

##.#.....##............รท..##.#.#
##..#.....##.........).....##.#.#
......######........##.....##.#.#
......# #........##.....#.....
......# #........##...........
####### #........##.##.#......
#........##...........
#........####..#...... ##....@###
##.#...... ##....ooK#####
#....##.# #.....).............
>.. #....).....######### ..#
#.........## .# #.........# #.#
#.........# ##.# #.........# #...
...........# ....#


You could see 2 orcs and a kobold.

Vanquished Creatures
  An orc priest (D:3)
  An orc wizard (D:3)
  An adder (D:2)
  An ufetubus (D:3)
  2 worms (D:3)
  4 dart slugs
  4 orcs
  8 bats
  7 endoplasms
  4 giant cockroaches
  5 goblins
  6 hobgoblins
  5 kobolds
  3 quokkas (D:1)
  4 ball pythons
  A frilled lizard (D:2)
  8 rats
65 creatures vanquished.

Notes
Turn   | Place    | Note
-------+----------+-------------------------------------------
     0 | D:1      | Illumine the Formicid Fighter began the quest for the Orb.
     0 | D:1      | Reached XP level 1. HP: 18/18 MP: 1/1
   230 | D:1      | Reached XP level 2. HP: 20/24 MP: 2/2
   311 | D:1      | You fall into a shaft and drop 1 floor!
   561 | D:1      | Reached XP level 3. HP: 29/29 MP: 3/3
  1251 | D:2      | Reached XP level 4. HP: 37/37 MP: 4/4
  1686 | D:2      | Found a faded altar of an unknown god.
  1842 | D:3      | Found a snail-covered altar of Cheibriados.
  2328 | D:3      | Reached XP level 5. HP: 42/42 MP: 5/5
  2422 | D:3      | Slain by an orc

Illustrated notes

Levels and vault maps discovered:
D:1:      dpeg_arrival_boxes_within_box, layout_loops_ring
D:2:      layout_basic, shapermc_ecumenical_altar_mp_urbaneastern
D:3:      layout_rooms, mainiacjoe_overflow_cross_hatched

Skill      XL: |  1  2  3  4  5 |
---------------+----------------+-----
Shields        | 4 |  4.7
Polearms       | 3 4 |  4.0
Fighting       | 4 |  4.1
Armour         | |  3.4

Action                   |  1- 3 |  4- 6 || total
-------------------------+-------+-------++-------
Melee: Trident           |   109 |    99 ||   208
  Use: Potion            |       |     2 ||     2
Armor: Scale mail        |    32 |    36 ||    68
       Ring mail         |       |    13 ||    13
Dodge: Dodged            |    51 |    30 ||    81
Block: Buckler           |    10 |    26 ||    36

Table legend: (Time is in decaauts)
 A = Elapsed time spent in this place.
 B = Non-inter-level travel time spent in this place.
 C = Inter-level travel time spent in this place.
 D = Time resting spent in this place.
 E = Time spent auto-exploring this place.
 F = Levels seen in this place.
 G = Mean time per level.
                   A        B        C        D        E       F      G
               +--------+--------+--------+--------+--------+-----+--------+
         Total |   2454 |   2364 |     90 |    522 |   1269 |   3 |  818.0 |
       Dungeon |   2454 |   2364 |     90 |    522 |   1269 |   3 |  818.0 |
               +--------+--------+--------+--------+--------+-----+--------+

Top non-repeatable levels by time:
     D:1: 1235 daAuts
     D:2: 782 daAuts
     D:3: 436 daAuts
